 Dungeon Crawl Stone Soup version 0.18-a0-1782-gb76a692 (webtiles) character file.

68418 namelastname112 the Destroyer (level 14, 0/116 HPs)
             Began as a Red Draconian Conjurer on Apr 17, 2016.
             Was the Champion of Ashenzari.
             Slain by a death yak (24 damage)
             ... on level 8 of the Lair of Beasts.
             The game lasted 01:11:40 (22953 turns).

namelastname112 the Destroyer (DrCj)               Turns: 22953, Time: 01:11:40

Health: 0/116      AC: 21    Str: 10    XL:     14   Next: 86%
Magic:  22/55      EV: 16    Int: 28    God:    Ashenzari [******]
Gold:   1652       SH:  6    Dex: 13    Spells: 6 memorised, 21 levels left

rFire  + + .     SeeInvis +     a - +10 rapier "Voleurut" {venom, Int+3}
rCold  . . .     Gourm    .     (armour unavailable)
rNeg   . . .     Faith    .     W - +0 buckler (curse)
rPois  +         Spirit   .     y - +3 hat of Pondering {ponderous, MR+ MP+10 Int+5} (curse)
rElec  .         Dismiss  .     V - +2 cloak {rPois} (curse)
rCorr  .         Reflect  .     e - +1 pair of gloves
SustAt .         Harm     .     Z - +2 pair of boots {rF+}
MR     ++...     Clarity  +     t - amulet of magic regeneration (curse)
Stlth  ++........               n - ring of magical power
                                d - ring of poison resistance (curse)

@: short of breath, regenerating, slow, very resistant to hostile enchantments,
unstealthy
A: breathe fire, unfitting armour, fire resistance 1, high mp 2, shaggy fur 2,
cold-blooded, AC +8
a: Breathe Fire, Curse Item, Scrying, Transfer Knowledge, Renounce Religion


You were on level 8 of the Lair of Beasts.
You worshipped Ashenzari.
Ashenzari was exalted by your worship.
You were near starving.

You visited 2 branches of the dungeon, and saw 21 of its levels.
You also visited: Volcano.

You collected 1652 gold pieces.

Inventory:

Hand Weapons
 a - the +10 rapier "Voleurut" (weapon) {venom, Int+3}
   (You found it on level 1 of the Lair of Beasts)

   It poisons the flesh of those it strikes.
   It affects your intelligence (+3).
Armour
 e - a +1 pair of gloves (worn)
 y - the cursed +3 hat of Pondering (worn) {ponderous, MR+ MP+10 Int+5}
   (You took it off Gastronok on level 11 of the Dungeon)

   It affects your intelligence (+5).
   It affects your resistance to hostile enchantments.
   It affects your magic capacity (+10).
   It has a curse placed upon it.
 V - a cursed +2 cloak of poison resistance (worn)
 W - a cursed +0 buckler (worn)
 Z - a +2 pair of boots of fire resistance (worn)
Jewellery
 d - a cursed ring of poison resistance (left hand)
 n - a ring of magical power (right hand)
 t - a cursed amulet of magic regeneration (around neck)
 F - an uncursed ring of protection from magic
 L - an uncursed ring of flight
Wands
 s - a wand of iceblast (8/15)
 w - a wand of acid (14/15)
 B - a wand of lightning (6/15)
 H - a wand of paralysis (19/24)
 K - a wand of disintegration (17/24)
 N - a wand of iceblast (10/15)
 R - a wand of lightning (9/15)
 T - a wand of acid (5/15)
 Y - a wand of confusion (23/48)
Scrolls
 c - 4 scrolls of teleportation
 f - 2 scrolls of enchant weapon
 j - 2 scrolls of fog
 k - 2 scrolls of amnesia
 m - a scroll of vulnerability
 p - 9 scrolls of identify
 q - 3 scrolls of magic mapping
 v - 4 scrolls of recharging
 G - 8 scrolls of remove curse
 U - a scroll of blinking
Potions
 g - 4 potions of ambrosia
 h - a potion of agility
 r - 3 potions of magic
 u - 4 potions of curing
 x - 6 potions of haste
 z - 5 potions of might
 D - 5 potions of lignification
 I - a potion of resistance
 M - a potion of cancellation
 P - 5 potions of flight
 Q - a potion of invisibility
 S - 3 potions of berserk rage
Books
 E - a book of Party Tricks

   Spells                             Type                      Level
   a - Summon Butterflies             Summoning                    1
   b - Apportation                    Translocation                1
   c - Tukima's Dance                 Hexes                        3
   d - Alistair's Intoxication        Transmutation/Poison         5
   e - Invisibility                   Hexes                        6
 X - a book of the Warp

   Spells                             Type                      Level
   a - Recall                         Summoning/Translocation      3
   b - Gell's Gravitas                Hexes/Translocation          3
   c - Force Lance                    Conjuration/Translocation    4
   d - Warp Weapon                    Charms/Translocation         5
   e - Summon Forest                  Summoning/Translocation      5
Miscellaneous
 J - a plain deck of summoning {drawn: 2}
Comestibles
 b - 12 bread rations
 i - 25 fruits
 o - 7 meat rations
 A - 4 beef jerkies
 C - 7 slices of pizza


   Skills:
 + Level 8.9 Fighting
 + Level 7.6 Dodging
 - Level 1.7 Stealth
 - Level 4.3(7.2) Shields
 + Level 12.5 Spellcasting
 + Level 13.8(16.4) Conjurations
 - Level 9.7(12.5) Charms
 + Level 4.7(7.6) Translocations
 + Level 8.3(11.3) Evocations


You had 21 spell levels left.
You knew the following spells:

 Your Spells              Type           Power        Failure   Level  Hunger
a - Iskenderun's Battles  Conj/Chrm      #######.     1%          5    ##.....
b - Summon Forest         Summ/Tloc      #####.....   17%         5    ##.....
d - Regeneration          Chrm/Necr      ######....   1%          3    None
e - Apportation           Tloc           ######....   1%          1    None
x - Searing Ray           Conj           ######       0%          2    None
z - Magic Dart            Conj           ####         0%          1    None


Dungeon Overview and Level Annotations

Branches:
Dungeon (13/15)            Temple (0/1) D:5            Lair (8/8) D:9
 Shoals (0/4) Lair:4       Spider (0/4) Lair:4        Slime (0/6) Lair:6
    Orc (0/2) D:9
 Vaults: D:13-14

Altars:
Ashenzari
Cheibriados
Elyvilon
Fedhas
Gozag
Nemelex Xobeh
Okawaru
Qazlal
Ru
Sif Muna
Vehumet
Xom
Zin
The Shining One

Shops:
D:4 *   D:6 }   D:7 (   D:13 (=


Innate Abilities, Weirdness & Mutations

You can breathe blasts of fire.
Your fiery red scales are hard (AC +8).
Your body does not fit into most forms of armour.
Your flesh is heat resistant.
You are cold-blooded and may be slowed by cold attacks.
You have a considerably increased reservoir of magic (+20% MP).
You are covered in thick fur (AC +2).


Message History

You breathe a blast of fire.
The fiery breath hits the death yak.
The death yak appears unharmed.
The death yak is moderately wounded.
You feel somewhat more hungry.
The death yak is engulfed in roaring flames.
The death yak barely misses you.
You regained 2 hp, and now have 23/116 hp.
Casting: Iskenderun's Battlesphere
Confirm with . or Enter, or press ? or * to list all spells.
Aiming: Searing Ray
Press: ? - help, Shift-Dir - straight line, f/p - death yak
Aim: a death yak (flame, moderately wounded)
The searing ray hits the death yak.
The death yak is moderately wounded.
Your battlesphere fires!
The barrage of energy hits the death yak.
The death yak is heavily wounded.
The death yak is engulfed in roaring flames.
The death yak gores you!!
You die...

P#.P................8......###
........................8....####
P....................8...........
.#........................8......
...................8.............
.................................
.................................
.................................
................@Y...............
.................................
..................*..............
.........P...<...................
#.....PPPP.P#.P....#...P.........
#......#PPP###.....##..P.##......
.......P..PP##.......###..P.#....
......P.P...........###..........
....................###......<...


You could see a death yak and a friendly battlesphere.

Vanquished Creatures
  Gastronok (D:11)
  5 hydras
  2 catoblepae (Lair:8)
  The ghost of Charly the Destroyer, a journeyman DEFE of Vehumet (Lair:3)
  A centaur warrior (D:13)
  16 death yaks
  5 hill giants
  An unseen horror (D:10)
  2 wolf spider zombies
  An orb spider (Lair:4)
  3 griffons
  4 ugly things
  9 elephants
  A toenail golem (Volcano)
  4 black mambas
  A centaur zombie (D:11)
  A siren (Lair:4)
  A molten gargoyle (Volcano)
  2 gargoyles (Volcano)
  An eye of devastation (Lair:6)
  3 kobold demonologists (D:11)
  8 komodo dragons
  13 spiny frogs
  An efreet (Volcano)
  A yaktaur (D:6)
  3 rime drakes
  A troll (D:12)
  5 polar bears
  2 two-headed ogres
  21 blink frogs
  A boulder beetle (Lair:8)
  Prince Ribbit (D:5)
  41 yaks
  2 hogs (D:9)
  A human (D:9)
  3 fire elementals (Volcano)
  A fire bat (Volcano)
  2 basilisks
  13 hippogriffs
  A mottled dragon (D:11)
  14 water moccasins
  14 porcupines
  3 ice beasts
  5 orc warriors
  4 sky beasts
  3 phantoms
  4 black bears
  2 eyes of draining
  3 necrophages
  11 wolves
  7 ogres
  8 centaurs
  13 crocodiles
  4 big kobolds
  13 giant frogs
  A wyvern zombie (D:9)
  3 wyvern skeletons
  3 scorpions
  3 killer bees (D:10)
  2 howler monkeys (D:8)
  6 crimson imps
  4 giant frog zombies
  A lava snake (Volcano)
  3 quasits
  A giant frog skeleton (D:11)
  7 orc priests
  Crazy Yiuf (D:5)
  8 hounds
  3 jellies
  3 centaur skeletons
  11 iguanas
  8 orc wizards
  5 hell rats (Lair:6)
  5 worker ants
  29 sheep
  A killer bee zombie (D:9)
  A worker ant zombie (D:5)
  12 gnolls
  A howler monkey skeleton (D:10)
  13 adders
  84 river rats
  5 shadow imps
  An ooze (D:1)
  4 adder skeletons
  2 adder zombies
  5 worms
  A dart slug (D:3)
  9 giant geckos
  39 orcs
  A ball python (D:3)
  6 giant cockroaches
  3 hobgoblins
  2 jackals (D:2)
  22 kobolds
  7 quokkas
  3 bats (D:2)
  4 giant gecko skeletons
  2 giant gecko zombies (D:3)
  6 giant newts
  13 goblins
  A jackal skeleton (D:3)
  A jackal zombie (D:6)
  6 rats
656 creatures vanquished.

Vanquished Creatures (collateral kills)
  3 death yaks (Lair:8)
  3 elephants (Lair:8)
  4 yaks (Lair:8)
  A basilisk (Lair:8)
  A water moccasin (Lair:8)
  2 crocodiles (Lair:8)
  2 fungi (Lair:8)
  8 plants (Lair:8)
24 creatures vanquished.

Vanquished Creatures (others)
  A giant frog (Lair:6)
  39 fungi
  28 plants
  5 snaplasher vines (Lair:8)
  447 snaplasher vine segments (Lair:8)
520 creatures vanquished.

Grand Total: 1200 creatures vanquished

Notes
Turn   | Place    | Note
--------------------------------------------------------------
     0 | D:1      | namelastname112 the Draconian Conjurer began the quest for the Orb.
     0 | D:1      | Reached XP level 1. HP: 14/14 MP: 3/3
   278 | D:1      | Reached XP level 2. HP: 20/20 MP: 1/5
   282 | D:1      | Learned a level 2 spell: Searing Ray
  1330 | D:2      | Reached XP level 3. HP: 26/26 MP: 7/7
  1412 | D:2      | Found a shattered altar of Ashenzari.
  1685 | D:2      | Became a worshipper of Ashenzari the Shackled
  2015 | D:3      | Reached XP level 4. HP: 31/33 MP: 8/8
  2051 | D:3      | Reached skill level 5 in Conjurations
  2216 | D:3      | Reached XP level 5. HP: 14/38 MP: 9/10
  2266 | D:3      | Learned a level 5 spell: Iskenderun's Battlesphere
  2445 | D:3      | Noticed a centaur
  2533 | D:3      | Found an iron altar of Okawaru.
  2868 | D:3      | Reached skill level 1 in Charms
  2939 | D:4      | Found Paubraor's General Store.
  3089 | D:4      | Noticed a phantom
  3102 | D:4      | Killed a phantom
  3102 | D:4      | Reached XP level 6. HP: 45/45 MP: 11/12
  3169 | D:4      | Found a snail-covered altar of Cheibriados.
  3299 | D:4      | Found a white marble altar of Elyvilon.
  3368 | D:4      | Found a deep blue altar of Sif Muna.
  3517 | D:4      | Reached * piety under Ashenzari
  3620 | D:4      | Reached skill level 6 in Conjurations
  3798 | D:5      | Entered Level 5 of the Dungeon
  3839 | D:5      | Found a staircase to the Ecumenical Temple.
  3859 | D:5      | Noticed Prince Ribbit
  3888 | D:3      | Found an opulent altar of Gozag.
  3969 | D:3      | Your scales start taking on a fiery red colour.
  3969 | D:3      | Reached XP level 7. HP: 45/50 MP: 14/14
  3969 | D:3      | Gained mutation: Your flesh is heat resistant. [Red Draconian growth]
  4125 | D:5      | Killed Prince Ribbit
  4125 | D:5      | Reached skill level 5 in Spellcasting
  4439 | D:5      | Reached skill level 7 in Conjurations
  4439 | D:5      | Reached XP level 8. HP: 50/57 MP: 16/16
  4766 | D:5      | Noticed Crazy Yiuf
  4770 | D:5      | Killed Crazy Yiuf
  4966 | D:6      | Found Jobb's Gadget Shop.
  4966 | D:6      | Found a sparkling altar of Nemelex Xobeh.
  5654 | D:6      | Reached skill level 8 in Conjurations
  5655 | D:6      | Reached skill level 5 in Charms
  5928 | D:6      | Noticed a yaktaur
  5933 | D:6      | Killed a yaktaur
  5933 | D:6      | Reached XP level 9. HP: 60/62 MP: 19/19
  6051 | D:7      | Reached ** piety under Ashenzari
  6119 | D:7      | Found Ibycuf's Antique Weapon Shoppe.
  6209 | D:7      | Found a glowing silver altar of Zin.
  6355 | D:7      | Found a radiant altar of Vehumet.
  6438 | D:7      | Reached skill level 9 in Conjurations
  6892 | D:7      | Gained mutation: You are covered in fur (AC +1). [potion of mutation]
  6892 | D:7      | Gained mutation: You have an increased reservoir of magic (+10% MP). [potion of mutation]
  6892 | D:7      | Gained mutation: You are covered in thick fur (AC +2). [potion of mutation]
  6893 | D:7      | Gained mutation: You have a considerably increased reservoir of magic (+20% MP). [potion of beneficial mutation]
  6948 | D:8      | Found a sacrificial altar of Ru.
  7208 | D:8      | Found a shimmering altar of Xom.
  7588 | D:9      | Found a staircase to the Lair.
  7592 | D:9      | Reached XP level 10. HP: 69/69 MP: 26/26
  7910 | D:9      | Reached skill level 10 in Conjurations
  8073 | D:9      | Reached *** piety under Ashenzari
  8073 | D:9      | Found a staircase to the Orcish Mines.
  8096 | D:9      | Found a blossoming altar of Fedhas.
  8098 | D:9      | Found a stormy altar of Qazlal.
  8160 | D:9      | Found a stormy altar of Qazlal.
  8225 | D:9      | Found a glowing golden altar of the Shining One.
  8741 | D:10     | Entered Level 10 of the Dungeon
  8749 | D:10     | Noticed an unseen horror
  8753 | D:10     | Killed an unseen horror
  9030 | D:10     | Noticed a hill giant
  9039 | D:10     | Killed a hill giant
  9039 | D:10     | Reached XP level 11. HP: 39/74 MP: 28/29
  9718 | D:11     | Noticed a purple ugly thing
  9888 | D:11     | Reached skill level 11 in Conjurations
 10083 | D:11     | Noticed a brown ugly thing
 10089 | D:11     | Killed a brown ugly thing
 10156 | D:11     | Noticed Gastronok
 10181 | D:11     | Noticed a hill giant
 10341 | D:11     | Noticed a hill giant
 10359 | D:11     | Killed a hill giant
 10359 | D:11     | Reached skill level 10 in Spellcasting
 10513 | D:11     | Noticed a purple ugly thing
 10586 | D:11     | Killed a purple ugly thing
 10711 | D:11     | Killed Gastronok
 10942 | D:11     | Identified a scroll of acquirement
 11068 | D:11     | Killed a purple ugly thing
 11351 | D:12     | Reached skill level 1 in Fighting
 11351 | D:12     | Reached skill level 1 in Evocations
 11465 | D:12     | Noticed a hill giant
 11471 | D:12     | Killed a hill giant
 11570 | D:12     | Reached **** piety under Ashenzari
 12080 | D:12     | Noticed a hill giant
 12117 | D:12     | Killed a hill giant
 12117 | D:12     | Reached XP level 12. HP: 88/88 MP: 32/32
 12345 | D:13     | Found Jodyast's Antique Weapon Shop.
 12378 | D:13     | Reached skill level 12 in Conjurations
 12565 | D:13     | Noticed a centaur warrior
 12570 | D:13     | Killed a centaur warrior
 12574 | D:13     | Found Diose's Jewellery Boutique.
 12673 | D:13     | Noticed a tengu warrior
 13014 | Lair:1   | Entered Level 1 of the Lair of Beasts
 13212 | Lair:1   | Got the rapier "Voleurut" {venom, Int+3}
 13213 | Lair:1   | Identified the +10 rapier "Voleurut" {venom, Int+3} (You found it on level 1 of the Lair of Beasts)
 14367 | Lair:2   | Reached skill level 5 in Fighting
 14472 | Lair:2   | Noticed a four-headed hydra
 14479 | Lair:2   | Killed a four-headed hydra
 14479 | Lair:2   | Reached skill level 5 in Evocations
 14968 | Lair:3   | Noticed Charly's ghost (journeyman DEFE)
 14980 | Lair:3   | Killed Charly's ghost
 14980 | Lair:3   | Reached skill level 5 in Dodging
 14980 | Lair:3   | Reached XP level 13. HP: 61/101 MP: 34/34
 15047 | Lair:3   | Learned a level 1 spell: Apportation
 15665 | Lair:4   | Reached ***** piety under Ashenzari
 15690 | Lair:4   | Found a hole to the Spider Nest.
 15774 | Lair:4   | Found a staircase to the Shoals.
 16746 | Lair:4   | Reached skill level 13 in Conjurations
 16796 | Lair:4   | Identified the ring of Yxuguni {rN+ Str+5}
 18169 | Lair:6   | Found a staircase to the Slime Pits.
 18813 | Lair:6   | Got the cursed pair of boots "Isonag" {Int+2}
 18819 | Lair:6   | Identified the cursed -7 pair of boots "Isonag" {Int+2} (You found it on level 6 of the Lair of Beasts)
 19235 | Lair:7   | Reached skill level 1 in Translocations
 19301 | Lair:7   | Reached skill level 1 in Shields
 19415 | Lair:7   | Reached XP level 14. HP: 54/114 MP: 36/36
 19436 | Lair:7   | Found a dark tunnel.
 19480 | Volcano  | Entered a volcano
 19682 | Volcano  | Found a bloodstained altar of Trog.
 20755 | Lair:7   | Identified the Volume of Air and Aid (You acquired it on level 7 of the Lair of Beasts)
 20760 | Lair:7   | Learned a level 3 spell: Regeneration
 20771 | Lair:8   | Entered Level 8 of the Lair of Beasts
 21377 | Lair:8   | Learned a level 5 spell: Summon Forest
 22273 | Lair:8   | Reached ****** piety under Ashenzari
 22953 | Lair:8   | Slain by a death yak

Vault maps used:
D:1:      dpeg_arrival_arbitrary_b
D:2:      ashenzari_conservatory_becter
D:3:      grunt_gozag_statues, overflow_temple_1_default, serial_undead,
          serial_undead_d, serial_undead_d, serial_undead_b, serial_undead_e,
          serial_undead_b, serial_undead_c
D:4:      lemuel_blue_sif_altar, nicolae_overflow_hidden_temple,
          overflow_temple_1_default, serial_shops, shop, first_bread
D:5:      minmay_temple_entry_nine_rooms, uniq_crazy_yiuf_cottage,
          uniq_prince_ribbit1
D:6:      nemelex_deck, serial_shops, nicolae_shop_crystal, minmay_three_doors
D:7:      fiery_altar_vehumet, old_standard_altar, serial_shops, shop,
          nrook_uturn
D:8:      xom_teletrap_fun, lemuel_doored_altar
D:9:      grunt_temple_overflow_forces_of_nature,
          nicolae_tso_swordbearing_angel, dpeg_lair_monsters, orc_0_dummy,
          grunt_livestock, hex_large, nicolae_qazlal_eye_of_the_storm
D:10:     kennysheep_generic_room_3
D:11:     uniq_gastronok
D:12:     serial_column_ruins, column_ruins_hut_water, column_ruins_grid_3,
          column_ruins_grid_1, column_ruins_columns_straight,
          column_ruins_grid_3
D:13:     hangedman_vaults_entry_quadrant_bands, serial_shops,
          nicolae_shop_stone, kennysheep_mini_moat, shop_fountains
Lair:2:   hangedman_lair_unloving_vines, grunt_megastairs_2
Lair:4:   minmay_shoals_entry_lonely_mermaid, nicolae_spider_entry_orb_guardian,
          st_stairs_10
Lair:5:   serial_bayou_shore_b
Lair:6:   minmay_slime_entry_eyes, grunt_megastairs_3, bh_autumn_forest_stairs,
          lemuel_fruit_tree
Lair:7:   nicolae_volcano_entry_two_sided, eino_small_chamber_without_monster,
          grunt_forest_stairs_basic, grunt_megastairs_4, lemuel_fruit_fields
Lair:8:   evilmike_catoblepas_cave
Volcano:  volcano_lake

Skill      XL: |  1  2  3  4  5  6  7  8  9 10 11 12 13 14 |
---------------+-------------------------------------------+-----
Spellcasting   | 3 4 5 6 8 9 10 11 12 | 12.5
Conjurations   | 5 6 7 8 9 10 11 12 13 | 13.8
Charms         | 1 2 3 5 7 8 9 |  9.7
Dodging        | 2 5 6 7 |  7.6
Fighting       | 2 5 7 8 |  8.9
Evocations     | 2 5 7 8 |  8.3
Translocations | 2 4 |  4.7
Shields        | 1 4 |  4.3
Stealth        | |  1.7

Action                   |  1- 3 |  4- 6 |  7- 9 | 10-12 | 13-15 || total
-------------------------+-------+-------+-------+-------+-------++-------
Melee: Short sword       |    23 |    14 |    26 |       |       ||    63
       Tailslap          |     3 |       |     4 |       |     5 ||    12
       Rapier            |       |       |       |       |    45 ||    45
 Cast: Magic Dart        |    62 |    78 |   216 |   536 |   706 ||  1598
       Searing Ray       |     7 |    18 |    24 |    18 |    18 ||    85
       Iskenderun's Batt |       |       |    23 |    85 |   122 ||   230
       Apportation       |       |       |       |       |     1 ||     1
       Summon Forest     |       |       |       |       |    13 ||    13
       Regeneration      |       |       |       |       |     9 ||     9
Invok: Curse Item        |     1 |     1 |       |       |     2 ||     4
       Scrying           |       |       |       |     3 |     1 ||     4
 Abil: Breathe Fire      |       |       |     4 |    15 |    14 ||    33
       Evoke Flight      |       |       |       |       |     2 ||     2
Evoke: Deck              |       |       |     2 |       |       ||     2
  Use: Scroll            |       |     1 |    18 |     7 |    12 ||    38
       Potion            |       |     1 |     3 |     1 |     2 ||     7
 Stab: Sleeping          |     1 |       |       |       |       ||     1
  Eat: Chunk             |     4 |     7 |    18 |    23 |    24 ||    76
       Beef jerky        |       |       |       |     3 |       ||     3
       Meat ration       |       |       |       |     2 |     2 ||     4
       Pizza             |       |       |       |     1 |     2 ||     3
Armor: Skin              |    16 |    37 |    68 |    86 |   211 ||   418
Dodge: Dodged            |    37 |    67 |    86 |   155 |   350 ||   695
Block: Buckler           |       |       |       |       |    82 ||    82
